 Dungeon Crawl Stone Soup version 0.29.0-4-gdea44cf6ec (webtiles) character file.

Game seed: 4391355892621790267

1723 qw the Cleaver (level 8, -13/71 HPs)
             Began as a Minotaur Fighter on Sept 4, 2022.
             Was a Believer of Ru.
             Mangled by Pikel
             ... wielding a +2 whip of electrocution
              (19 damage)
             ... on level 6 of the Dungeon.
             The game lasted 00:02:08 (6152 turns).

qw the Cleaver (Minotaur Fighter)                   Turns: 6152, Time: 00:02:08

Health: -13/71     AC:  6    Str: 23    XL:     8   Next: 75%
Magic:  7/7        EV: 10    Int:  5    God:    Ru [**....]
Gold:   61         SH:  4    Dex: 10    Spells: 7/7 levels left

rFire   . . .      SeeInvis .   Y - +2 war axe
rCold   . . .      Faith    .   c - +0 buckler
rNeg    + . .      Spirit   .   b - +0 scale mail
rPois   .          Reflect  .   (helmet restricted)
rElec   .          Harm     .   (no cloak)
rCorr   .          Rampage  .   (no gloves)
Will    .....                   (no boots)
Stlth   ..........              (no amulet)
HPRegen 0.21/turn               l - ring of positive energy
MPRegen 0.10/turn               (no ring)

@: no status effects
A: horns 2, inability to use devices, retaliatory headbutt
a: Renounce Religion


You were on level 6 of the Dungeon.
You worshipped Ru.
Ru was pleased with you.
You visited 2 branches of the dungeon, and saw 7 of its levels.

You collected 148 gold pieces.
You spent 87 gold pieces at shops.


Innate Abilities, Weirdness & Mutations

You have a pair of horns on your head.
You cannot study or use magical devices.
You reflexively headbutt those who attack you in melee.


   Skills:
 - Level 6.7 Fighting
 + Level 11.2 Axes
 - Level 1.4 Throwing
 - Level 3.6 Armour
 - Level 2.8 Dodging
 - Level 4.9 Shields


You had 7 spell levels left.
You didn't know any spells.
Your spell library was empty.

Inventory:

Hand Weapons
 k - a +0 flail
 Y - a +2 war axe (weapon)
Missiles
 a - 2 boomerangs (quivered)
Armour
 b - a +0 scale mail (worn)
 c - a +0 buckler (worn)
Jewellery
 l - a ring of positive energy (left hand)
Scrolls
 h - 2 scrolls of identify
 j - a scroll of teleportation
Potions
 d - a potion of might
 g - 2 potions of heal wounds
 i - 2 potions of flight {unknown}
 n - a potion of degeneration {unknown}
 o - a potion of haste {unknown}

Dungeon Overview and Level Annotations

Branches:
Dungeon (6/15)             Temple (1/1) D:5

Altars:
Ashenzari
Cheibriados
Dithmenos
Elyvilon
Fedhas
Gozag
Hepliaklqana
Kikubaaqudgha
Makhleb
Nemelex Xobeh
Okawaru
Qazlal
Ru
Sif Muna
Trog
Uskayaw
Wu Jian
Xom
Yredelemnul
Zin
The Shining One

Shops:
D:2 =[[(

Annotations:
D:6 Pikel


Message History

You closely miss the lemure. The lemure barely misses you.
You closely miss the lemure.
The lemure is lightly wounded.
You hit the lemure but do no damage. You hit the lemure.
The lemure hits you. x3
You hit the lemure.
The lemure is moderately wounded.
You closely miss the lemure. You barely miss the lemure.
The lemure hits you but does no damage. x2
You slash the lemure!
The lemure is severely wounded.
You slash Pikel! You hit the lemure but do no damage.
The lemure closely misses you. You furiously retaliate!
You headbutt the lemure, but do no damage.
The lemure hits you but does no damage.
You hit the lemure. Your headbutt misses the lemure.
The lemure is severely wounded.
You barely miss Pikel. You hit the lemure.
The lemure hits you but does no damage. The lemure barely misses you.
Pikel hits you with a +2 whip of electrocution!
You are electrocuted!
You closely miss the lemure.
The lemure is severely wounded.
You hit the lemure but do no damage. You hit Pikel but do no damage.
The lemure barely misses you. x2; You block Pikel's attack.
You slash the lemure!
You kill the lemure!
That felt strangely unrewarding.
You hit Pikel. You hit the lemure. The lemure hits you.
Pikel hits you with a +2 whip of electrocution.
You are electrocuted!
You slash Pikel!
Pikel is heavily wounded.
You hit the lemure.
You hear the rapid rusting of a very distant drain.
The lemure hits you.
Pikel hits you with a +2 whip of electrocution!
You are electrocuted!!
You die...

# #. ##.. .....
###+## ......#....#
.....5K@...#
......#5...# .....
##...#
..######...#### .
#...........#
#...........#
#...........#
#..........##
........##+###.....#


You could see Pikel and 2 lemures.

Vanquished Creatures
  Prince Ribbit (D:5)
  A steam dragon (D:6)
  A water moccasin (D:6)
  2 black bears
  3 ogres
  2 lemures (D:6)
  2 phantoms (D:5)
  A kobold brigand (D:4)
  A bullfrog (D:5)
  2 scorpions
  3 hounds
  2 jellies
  An orc priest (D:5)
  2 iguanas
  An orc wizard (D:6)
  4 gnolls (D:2)
  8 adders
  2 ufetubi
  3 dart slugs
  6 orcs
  7 ball pythons
  10 endoplasms
  4 giant cockroaches
  5 goblins
  6 hobgoblins
  12 jackals
  11 kobolds
  8 quokkas
  6 bats
  6 frilled lizards
  4 rats
127 creatures vanquished.

Notes
Turn   | Place    | Note
-------+----------+-------------------------------------------
     0 | D:1      | qw the Minotaur Fighter began the quest for the Orb.
     0 | D:1      | Reached XP level 1. HP: 19/19 MP: 0/0
     0 | D:1      | 0 ||| qw: Version: 0.1-a-103-gd6f5d3a
     0 | D:1      | 0 ||| qw: Game counter: 5660
     0 | D:1      | 0 ||| qw: Always use a shield: true
     0 | D:1      | 0 ||| qw: God list: Ru
     0 | D:1      | 0 ||| qw: Allow faded altars: false
     0 | D:1      | 0 ||| qw: Do Orc after D:15 true
     0 | D:1      | 0 ||| qw: Do second Lair branch before Depths: true
     0 | D:1      | 0 ||| qw: Lair rune preference: random
     0 | D:1      | 0 ||| qw: Plans: Normal
     0 | D:1      | 0 ||| PLANNING D:1-11
   134 | D:1      | Reached skill level 3 in Axes
   147 | D:1      | 147 ||| Stepping ~*~*~tactically~*~*~ (stealth).
   152 | D:1      | Reached XP level 2. HP: 25/26 MP: 1/1
   204 | D:1      | 204 ||| Stepping ~*~*~tactically~*~*~ (stealth).
   363 | D:1      | 363 ||| Stepping ~*~*~tactically~*~*~ (stealth).
   370 | D:1      | 370 ||| Stepping ~*~*~tactically~*~*~ (stealth).
   379 | D:1      | Reached skill level 4 in Axes
   654 | D:1      | Reached XP level 3. HP: 31/31 MP: 2/2
   837 | D:1      | 837 ||| READING scroll labelled DOCKUF VYSTRAU.
   972 | D:1      | 972 ||| READING scroll labelled LET WAASEM.
   973 | D:1      | 973 ||| READING scroll labelled CARYEK YMOCS.
   991 | D:2      | 991 ||| STAIRDANCE
  1132 | D:2      | Found Ozapp's Antique Armour Emporium.
  1139 | D:2      | 1139 ||| SHOPLISTING cloak (108 gold, have 46).
  1139 | D:2      | 1139 ||| SHOPLISTING embroidered cloak (180 gold, have 46).
  1139 | D:2      | 1139 ||| SHOPLISTING runed orb (288 gold, have 46).
  1139 | D:2      | 1139 ||| SHOPLISTING shiny scale mail (168 gold, have 46).
  1139 | D:2      | 1139 ||| SHOPLISTING tower shield (108 gold, have 46).
  1177 | D:2      | 1177 ||| Stepping ~*~*~tactically~*~*~ (stealth).
  1241 | D:2      | 1241 ||| Stepping ~*~*~tactically~*~*~ (stealth).
  1247 | D:2      | Reached skill level 5 in Axes
  1253 | D:2      | Reached skill level 1 in Dodging
  1253 | D:2      | Reached XP level 4. HP: 23/39 MP: 3/3
  1434 | D:2      | 1434 ||| READING scroll of enchant weapon.
  1434 | D:2      | 1434 ||| ENCHANTING +1 war axe.
  1439 | D:2      | Found a shimmering blue altar of Sif Muna.
  1495 | D:2      | Found Otydd's Jewellery Shoppe.
  1498 | D:2      | 1498 ||| SHOPLISTING +4 ring of evasion (468 gold, have
                  | 83).
  1498 | D:2      | 1498 ||| SHOPLISTING +6 ring of strength (468 gold, have
                  | 83).
  1498 | D:2      | 1498 ||| SHOPLISTING amulet of guardian spirit (390 gold,
                  | have 83).
  1498 | D:2      | 1498 ||| SHOPLISTING ring of ice (325 gold, have 83).
  1498 | D:2      | 1498 ||| SHOPLISTING ring of see invisible (195 gold, have
                  | 83).
  1529 | D:2      | Found Cuujiuze's Armour Shop.
  1537 | D:2      | 1537 ||| SHOPLISTING +0 pair of fencer's gloves {Riposte
                  | Dex+3} (400 gold, have 83).
  1537 | D:2      | 1537 ||| SHOPLISTING +1 ring mail of Oralipn {rPois Stlth+}
                  | (230 gold, have 83).
  1537 | D:2      | 1537 ||| SHOPLISTING +2 ring mail of cold resistance (210
                  | gold, have 83).
  1617 | D:2      | Found a faded altar of an unknown god.
  1766 | D:2      | 1766 ||| Stepping ~*~*~tactically~*~*~ (hiding).
  1909 | D:2      | Found Zisemp's Antique Weapon Emporium.
  1911 | D:2      | 1911 ||| Stepping ~*~*~tactically~*~*~ (stealth).
  1927 | D:2      | 1927 ||| BUYING flail (87 gold).
  1927 | D:2      | Bought a flail for 87 gold pieces
  1927 | D:2      | 1927 ||| DROPPING +0 whip.
  2017 | D:2      | 2017 ||| READING scroll labelled RAJYRGH NUTAR.
  2018 | D:2      | 2018 ||| READING 2 scrolls labelled YCKEID RESO.
  2019 | D:2      | 2019 ||| READING scroll labelled YCZUCZ HULOPSE.
  2020 | D:2      | 2020 ||| READING 2 scrolls labelled HOIN HUNACH.
  2024 | D:2      | 2024 ||| DROPPING scroll of vulnerability.
  2051 | D:3      | Reached skill level 6 in Axes
  2182 | D:3      | 2182 ||| Stepping ~*~*~tactically~*~*~ (hiding).
  2187 | D:3      | 2187 ||| Stepping ~*~*~tactically~*~*~ (hiding).
  2230 | D:3      | 2230 ||| Stepping ~*~*~tactically~*~*~ (stealth).
  2320 | D:3      | Reached XP level 5. HP: 45/45 MP: 4/4
  2523 | D:3      | 2523 ||| Stepping ~*~*~tactically~*~*~ (stealth).
  2671 | D:3      | 2671 ||| READING scroll labelled ZEUNOKIUCA.
  2864 | D:4      | Noticed an ogre
  2867 | D:4      | Killed an ogre
  2868 | D:4      | Reached skill level 7 in Axes
  2868 | D:4      | Reached XP level 6. HP: 40/51 MP: 5/5
  2885 | D:4      | 2885 ||| Stepping ~*~*~tactically~*~*~ (stealth).
  2951 | D:4      | 2951 ||| Stepping ~*~*~tactically~*~*~ (stealth).
  3004 | D:4      | Reached skill level 8 in Axes
  3101 | D:4      | 3101 ||| Stepping ~*~*~tactically~*~*~ (stealth).
  3565 | D:4      | 3565 ||| UPGRADING to ring of positive energy.
  3566 | D:4      | 3566 ||| READING scroll labelled OKHIGG JOREAV.
  3567 | D:4      | 3567 ||| DRINKING 3 bubbling clear potions.
  3633 | D:5      | Entered Level 5 of the Dungeon
  3639 | D:5      | 3639 ||| STAIRDANCE
  3652 | D:5      | 3652 ||| STAIRDANCE
  3781 | D:5      | Reached skill level 9 in Axes
  3781 | D:5      | Reached XP level 7. HP: 41/59 MP: 6/6
  3781 | D:5      | 3781 ||| STAIRDANCE
  4086 | D:5      | Found a staircase to the Ecumenical Temple.
  4087 | D:5      | 4087 ||| PLANNING TEMPLE
  4095 | Temple   | Entered the Ecumenical Temple
  4208 | Temple   | Became a worshipper of Ru the Awakened
  4240 | Temple   | 4240 ||| PLANNING D:1-11
  4349 | D:5      | 4349 ||| Stepping ~*~*~tactically~*~*~ (stealth).
  4710 | D:5      | Reached skill level 10 in Axes
  4932 | D:5      | 4932 ||| FLEEEEING.
  4933 | D:5      | 4933 ||| FLEEEEING.
  4939 | D:5      | 4939 ||| FLEEEEING.
  4941 | D:5      | 4941 ||| FLEEEEING.
  4942 | D:5      | 4942 ||| FLEEEEING.
  4951 | D:5      | Reached XP level 8. HP: 55/69 MP: 7/7
  5110 | D:5      | Noticed Prince Ribbit
  5117 | D:5      | Killed Prince Ribbit
  5118 | D:5      | Reached skill level 6 in Fighting
  5426 | D:5      | 5426 ||| READING scroll labelled MAPNOS CEMMEJU.
  5427 | D:5      | 5427 ||| READING 4 scrolls of identify.
  5427 | D:5      | 5427 ||| IDENTIFYING puce potion
  5428 | D:5      | 5428 ||| READING 3 scrolls of identify.
  5428 | D:5      | 5428 ||| IDENTIFYING bubbling green potion
  5429 | D:5      | 5429 ||| READING 2 scrolls of identify.
  5429 | D:5      | 5429 ||| IDENTIFYING ruby potion
  5430 | D:5      | 5430 ||| DROPPING potion of brilliance.
  5431 | D:5      | 5431 ||| DROPPING potion of berserk rage.
  5494 | D:6      | 5494 ||| PLANNING SEWER
  5501 | D:6      | Reached skill level 11 in Axes
  5782 | D:6      | 5782 ||| DRINKING potion of curing.
  5782 | D:6      | 5782 ||| (to cure poison)
  6000 | D:6      | 6000 ||| INVOKING Sacrifice Artifice.
  6000 | D:6      | Gained mutation: You cannot study or use magical devices.
                  | [Ru sacrifice]
  6000 | D:6      | Reached * piety under Ru
  6000 | D:6      | Reached ** piety under Ru
  6070 | D:6      | Reached skill level 1 in Throwing
  6136 | D:6      | Noticed Pikel
  6152 | D:6      | HP: 6/71 [Pikel/+2 whip of electrocution (12)]
  6152 | D:6      | Mangled by Pikel

Levels and vault maps discovered:
D:1:      tarquinn_simple_flora_water_c, layout_basic
D:2:      layout_loops_cross, serial_shops, nicolae_diamond_shop,
          nicolae_lakefront_shop, nicolae_shop_crystal,
          nicolae_shop_window_shopping, basic_altar,
          hellmonk_ecumenical_altar_zigzags
D:3:      layout_basic, serial_rivers, chequers_serial_rivers_micro_d,
          chequers_serial_rivers_room_b, chequers_serial_rivers_room_b,
          chequers_serial_rivers_micro_c, chequers_serial_rivers_marsh,
          nicolae_concentric_dashed_squares_wild,
          corexii_item_surrounded_by_moat
D:4:      layout_loops_ring
D:5:      layout_gridville, minmay_temple_entry_junction_2,
          minmay_misc_feat_roman, chequers_serial_rivers_room_b,
          kennysheep_generic_room_13, uniq_prince_ribbit1
D:6:      layout_gridville, gup_sewer_entry_bowl, uniq_pikel
Temple:   kilobyte_greek_temple

Skill      XL: |  1  2  3  4  5  6  7  8 |
---------------+-------------------------+-----
Axes           | 3 4 5 6 7 9 10 11 | 11.2
Dodging        | 1 2 |  2.8
Fighting       | 4 5 6 |  6.7
Shields        | 4 |  4.9
Throwing       | 1 |  1.4
Armour         | |  3.6

Action                   |  1- 3 |  4- 6 |  7- 9 || total
-------------------------+-------+-------+-------++-------
Melee: War axe           |    86 |   114 |    91 ||   291
       Headbutt          |     7 |    12 |    11 ||    30
Throw: Boomerang         |       |       |     5 ||     5
Invok: Sacrifice Artific |       |       |     1 ||     1
  Use: Scroll            |     3 |     7 |     4 ||    14
       Potion            |       |     1 |     1 ||     2
Armor: Scale mail        |    37 |    40 |    26 ||   103
Dodge: Dodged            |    35 |    43 |    32 ||   110
Block: Buckler           |    17 |    23 |    15 ||    55

Table legend:
 A = Non-vault XP
 B = Vault XP
 C = Vault XP percentage of total XP
 D = Non-vault monster count
 E = Vault monster count
 F = Vault count percentage of total count
                 A         B        C        D         E       F
            +---------+---------+-------+---------+---------+-------
      Total |    2120 |     342 |  13.9 |     122 |       3 |   2.4
            +---------+---------+-------+---------+---------+-------
        D:1 |      47 |       0 |   0.0 |      28 |       0 |   0.0
        D:2 |     133 |       0 |   0.0 |      33 |       0 |   0.0
        D:3 |      59 |       0 |   0.0 |      14 |       0 |   0.0
        D:4 |     454 |       0 |   0.0 |      22 |       0 |   0.0
        D:5 |     819 |     342 |  29.5 |      14 |       3 |  17.6
        D:6 |     608 |       0 |   0.0 |      11 |       0 |   0.0
            +---------+---------+-------+---------+---------+-------
